 Dungeon Crawl Stone Soup version 0.23.2-1-ga50397a (webtiles) character file.

Game seed: 3131620335831673623

3684 diana the Basher (level 10, -8/63 HPs)
             Began as a Gargoyle Fighter on May 26, 2019.
             Was an Initiate of Okawaru.
             Mangled by a fire crab (15 damage)
             ... on level 7 of the Dungeon.
             The game lasted 00:11:33 (7831 turns).

diana the Basher (Gargoyle Fighter)                 Turns: 7831, Time: 00:11:34

Health: -8/63      AC: 18    Str: 24    XL:     10   Next: 13%
Magic:  11/11      EV: 10    Int:  8    God:    Okawaru [......]
Gold:   272        SH: 11    Dex:  9    Spells: 9/9 levels left

rFire    . . .     SeeInvis .   r - +3 morningstar (flame)
rCold    . . .     Gourm    .   c - +0 shield
rNeg     + . .     Faith    .   b - +0 scale mail
rPois    ∞         Spirit   .   t - +1 helmet
rElec    +         Reflect  .   (no cloak)
rCorr    .         Harm     .   G - +0 pair of gloves
MR       .....                  (no boots)
Stlth    ..........             (no amulet)
HPRegen  0.20/turn              (no ring)
MPRegen  0.12/turn              (no ring)

@: no status effects
A: negative energy resistance 1, electricity resistance, unbreathing,
petrification resistance, rot immunity, AC +7
a: Renounce Religion


You were on level 7 of the Dungeon.
You worshipped Okawaru.
Okawaru was noncommittal.
You were near starving.

You visited 2 branches of the dungeon, and saw 8 of its levels.
You also visited: Sewer.

You collected 272 gold pieces.

Inventory:

Hand Weapons
 r - a +3 morningstar of flaming (weapon)
Missiles
 e - a throwing net (quivered)
Armour
 b - a +0 scale mail (worn)
 c - a +0 shield (worn)
 t - a +1 helmet (worn)
 G - a +0 pair of gloves (worn)
Wands
 n - a wand of polymorph (9)
 o - a wand of disintegration (20)
 v - a wand of flame (8)
Scrolls
 a - 2 scrolls of identify
 h - 5 scrolls of blinking
 j - 6 scrolls of remove curse
 k - 3 scrolls of enchant weapon
 m - a scroll of immolation
 p - a scroll of amnesia {unknown}
 u - 3 scrolls of fear {unknown}
 w - 2 scrolls of magic mapping {unknown}
 x - 2 scrolls of fog {unknown}
 A - 3 scrolls of enchant armour {unknown}
 B - 5 scrolls of teleportation {unknown}
 E - a scroll of vulnerability {unknown}
Potions
 d - 2 potions of might
 g - 2 potions of mutation {unknown}
 i - 7 potions of flight
 l - a potion of curing {unknown}
 q - 2 potions of agility {unknown}
 s - 4 potions of heal wounds {unknown}
 z - 2 potions of lignification {unknown}
 C - 4 potions of degeneration {unknown}
 D - a potion of brilliance {unknown}
Comestibles
 f - 14 rations


   Skills:
 + Level 7.1 Fighting
 * Level 8.5 Maces & Flails
 + Level 7.1 Armour
 + Level 4.6 Dodging
 + Level 7.1 Shields
 + Level 1.4 Invocations


You had 9 spell levels left.
You didn't know any spells.
Your spell library contained the following spells:

 Spells                   Type           Power        Failure   Level  Hunger
 Sandblast                Erth           #.....       95%         1    ##.....
 Summon Small Mammal      Summ           #...         95%         1    ##.....
 Call Imp                 Summ           #.......     99%         2    ###....
 Passwall                 Tmut/Erth      #.......     99%         2    ###....
 Call Canine Familiar     Summ           #.......     100%        3    ####...
 Stone Arrow              Conj/Erth      #.....       100%        3    ####...
 Summon Guardian Golem    Hex/Summ       #.......     100%        3    ####...
 Petrify                  Tmut/Erth      #.......     100%        4    #####..
 Summon Ice Beast         Ice/Summ       #.......     100%        4    #####..
 Summon Lightning Spire   Summ/Air       #.......     100%        4    #####..
 Lee's Rapid Deconstruct  Erth           #.........   100%        5    ######.


Dungeon Overview and Level Annotations

Branches:
Dungeon (7/15)             Temple (1/1) D:7

Altars:
Cheibriados
Dithmenos
Fedhas
Gozag
Hepliaklqana
Kikubaaqudgha
Makhleb
Nemelex Xobeh
Okawaru
Qazlal
Ru
Sif Muna
Trog
Uskayaw
Vehumet
Xom
Zin
The Shining One

Shops:
D:6 =   D:7 [


Innate Abilities, Weirdness & Mutations

You are resistant to torment.
Your stone body is resilient. (AC +7)
You are immune to poison.
You resist negative energy. (rN+)
You are resistant to electric shocks. (rElec)
You can survive without breathing.
You are immune to petrification.
You are immune to rotting.


Message History

You are too injured to fight recklessly!
You are too injured to fight recklessly!
You are too injured to fight recklessly!
You are too injured to fight recklessly!
You are too injured to fight recklessly!
You are too injured to fight recklessly!
You are too injured to fight recklessly!
You are too injured to fight recklessly!
You are too injured to fight recklessly!
You are too injured to fight recklessly!
You are too injured to fight recklessly!
You are too injured to fight recklessly!
You completely miss the fire crab.
The fire crab is heavily wounded.
You are engulfed in blazing flames.
* * * LOW HITPOINT WARNING * * *
The fire crab bites you.
* * * LOW HITPOINT WARNING * * *
You are engulfed in flames!
You die...

###############
#.............# ####
#.....#######.#
##...##.....##...##.###
#.....#.....#.....#....
########
#....t@..8..'.....##...
#......#
#.....#.....#.....##.##
#..#.#.#
##...##.....##...###...
#......## ####
###'######## ###.
#..#.#..# ##...## #.
##......)# #.....# #.
......#..# #.....# ###
###.....## #.....# #..
###...### #######).)##
##..


You could see a fire crab.

Vanquished Creatures
  A two-headed ogre (D:6)
  Pikel (D:4)
  A spriggan (D:7)
  A yak (D:5)
  Menkaure (D:7)
  An orc warrior (D:6)
  Purgy (Sewer)
  A black bear (D:6)
  3 ogres
  A centaur (D:5)
  A big kobold (D:7)
  A bullfrog (D:7)
  A scorpion (D:4)
  5 wights (D:6)
  2 howler monkeys (D:5)
  A vampire bat (D:3)
  2 crimson imps (D:5)
  A centaur zombie (D:7)
  6 orc priests
  A bullfrog skeleton (D:6)
  4 hounds
  A centaur skeleton (D:7)
  2 orc wizards (D:4)
  6 worker ants
  An iguana (D:7)
  A hound zombie (D:6)
  2 howler monkey zombies (D:4)
  2 worker ant zombies
  Robin (D:3)
  4 gnolls (D:6)
  12 adders
  2 shadow imps (D:5)
  2 oozes
  3 adder zombies
  3 adder skeletons
  A worm (D:2)
  A dart slug (D:1)
  3 fire bats (D:3)
  4 leopard geckos
  22 orcs
  2 spectral bats (D:3)
  3 ball pythons
  3 bat skeletons (D:3)
  A bat zombie (D:3)
  6 giant cockroaches
  18 goblins
  6 hobgoblins
  10 jackals
  10 kobolds
  A quokka (D:2)
  19 bats
  A bat simulacrum (D:3)
  14 frilled lizards
  2 jackal zombies (D:4)
  A quokka skeleton (D:4)
  3 quokka zombies
  13 rats
223 creatures vanquished.

Vanquished Creatures (others)
  2 slaves (D:4)
  A worker ant zombie (D:4)
  An adder skeleton (D:4)
  An orc (D:4)
  A leopard gecko skeleton (D:4)
  A withered plant (D:4)
7 creatures vanquished.

Grand Total: 230 creatures vanquished

Notes
Turn   | Place    | Note
-------+----------+-------------------------------------------
     0 | D:1      | diana the Gargoyle Fighter began the quest for the Orb.
     0 | D:1      | Reached XP level 1. HP: 14/14 MP: 1/1
   211 | D:1      | Reached XP level 2. HP: 17/19 MP: 2/2
   659 | D:2      | Reached XP level 3. HP: 23/23 MP: 3/3
   979 | D:2      | Reached XP level 4. HP: 26/28 MP: 4/4
  1087 | D:2      | Reached skill level 3 in Maces & Flails
  1087 | D:2      | Reached skill level 1 in Dodging
  1970 | D:3      | Reached XP level 5. HP: 33/33 MP: 5/5
  2089 | D:3      | Noticed Robin
  2129 | D:3      | Killed Robin
  2690 | D:3      | Reached XP level 6. HP: 36/38 MP: 6/6
  2714 | D:3      | Reached skill level 4 in Maces & Flails
  3049 | D:4      | Noticed Pikel
  3049 | D:4      | Noticed a slave
  3049 | D:4      | Noticed a slave
  3049 | D:4      | Noticed a slave
  3049 | D:4      | Noticed a slave
  3325 | D:4      | Reached XP level 7. HP: 41/44 MP: 7/7
  3401 | D:4      | Killed Pikel
  3401 | D:4      | Reached skill level 5 in Fighting
  3401 | D:4      | Reached skill level 5 in Maces & Flails
  3401 | D:4      | Reached skill level 5 in Armour
  3401 | D:4      | Reached skill level 5 in Shields
  3401 | D:4      | Reached XP level 8. HP: 39/49 MP: 8/8
  3739 | D:4      | Found an opulent altar of Gozag.
  3740 | D:4      | Found a sparkling altar of Nemelex Xobeh.
  3871 | D:4      | Reached skill level 6 in Maces & Flails
  4014 | D:5      | Entered Level 5 of the Dungeon
  4152 | D:5      | Found a glowing golden altar of the Shining One.
  4453 | D:5      | Found a glowing drain.
  4457 | Sewer    | Entered a sewer
  4506 | Sewer    | Noticed Purgy
  4514 | Sewer    | Killed Purgy
  4514 | Sewer    | Reached XP level 9. HP: 48/55 MP: 9/9
  5347 | D:6      | Noticed a two-headed ogre
  5357 | D:6      | Killed a two-headed ogre
  5357 | D:6      | Reached skill level 7 in Maces & Flails
  5911 | D:6      | Reached skill level 8 in Maces & Flails
  6515 | D:6      | Found Simil's Jewellery Shop.
  6852 | D:7      | Found a staircase to the Ecumenical Temple.
  6864 | Temple   | Entered the Ecumenical Temple
  6869 | Temple   | Became a worshipper of Warmaster Okawaru
  6909 | D:7      | Found a shadowy altar of Dithmenos.
  6909 | D:7      | Found Rath's Armour Shoppe.
  7082 | D:7      | Found a hide-covered altar of Uskayaw.
  7097 | D:7      | Reached XP level 10. HP: 61/61 MP: 10/10
  7411 | D:7      | Reached skill level 1 in Invocations
  7806 | D:7      | Noticed Menkaure
  7812 | D:7      | Killed Menkaure
  7826 | D:7      | Noticed a fire crab
  7831 | D:7      | Mangled by a fire crab

Skill      XL: |  1  2  3  4  5  6  7  8  9 10 |
---------------+-------------------------------+-----
Maces & Flails | 3 4 5 6 8 |  8.5
Dodging        | 1 2 3 4 |  4.6
Fighting       | 4 5 6 7 |  7.1
Armour         | 4 5 6 7 |  7.1
Shields        | 4 5 6 7 |  7.1
Invocations    | 1 |  1.4

Action                   |  1- 3 |  4- 6 |  7- 9 | 10-12 || total
-------------------------+-------+-------+-------+-------++-------
Melee: Flail             |   113 |   196 |       |       ||   309
       Morningstar       |       |    97 |   299 |   104 ||   500
  Use: Scroll            |       |       |     6 |     1 ||     7
  Eat: Chunk             |       |     9 |     5 |     1 ||    15
       Ration            |       |       |     2 |       ||     2
Armor: Scale mail        |   112 |   227 |   145 |    45 ||   529
Dodge: Dodged            |    61 |   152 |   153 |    35 ||   401
Block: Shield            |    86 |   207 |   177 |    71 ||   541
